 Dungeon Crawl Stone Soup version 0.20.0-9-g8272e65 (webtiles) character file.

248793 Rrauwl the Merfolkian Porcupine (level 19, -2/223 HPs)
             Began as a Merfolk Gladiator on June 3, 2017.
             Was the Champion of Hepliaklqana.
             Slain by a deep troll earth mage (9 damage)
             ... on level 1 of the Depths.
             The game lasted 02:22:54 (31546 turns).

Rrauwl the Merfolkian Porcupine (MfGl)             Turns: 31546, Time: 02:22:55

Health: -2/223     AC: 23    Str: 26    XL:     19   Next: 58%
Magic:  7/8        EV:  2    Int:  9    God:    Hepliaklqana [******]
Gold:   2633       SH:  0    Dex: 25    Spells: 13/18 levels left

rFire    + . .     SeeInvis +   a - +11 bardiche "Dragon's Tongue" {antimagic, Dex+4 Stlth+}
rCold    . . .     Gourm    .   (shield currently unavailable)
rNeg     + + +     Faith    +   M - +4 troll leather armour
rPois    ∞         Spirit   .   A - +2 helmet of Xigi {rCorr SInv}
rElec    +         Reflect  .   H - +1 cloak
rCorr    +         Harm     .   m - +0 pair of gloves
MR       +....     Rnd*Tele +   x - +0 pair of boots
Stlth    ..........             G - amulet of faith
Regen    0.9/turn               q - ring of the Devil {+Fly rPois rF+}
MPRegen  0.2/turn               Y - ring of Hard Scrabble {rElec rPois rN+ Stlth+}

@: berserking (expiring), petrified
A: change form in water, swift swim, stealthy swim, reduced essence, iridescent
scales 1, thin skeletal structure 1, yellow scales 1, agile 1, blurry vision 1,
clever 1, deterioration 1, screaming 1, teleportitis 1, MP-powered wands
}: 2/15 runes: barnacled, gossamer
a: Recall Ancestor, Ancestor Identity, Transference, Idealise, Renounce
Religion, Evoke Flight


You were on level 1 of the Depths.
You worshipped Hepliaklqana.
Hepliaklqana was exalted by your worship.
You were full.

You visited 7 branches of the dungeon, and saw 33 of its levels.
You also visited: Ice Cave.

You collected 3726 gold pieces.
You spent 1093 gold pieces at shops.

Inventory:

Hand Weapons
 a - the +11 bardiche "Dragon's Tongue" (weapon) {antimagic, Dex+4 Stlth+}
   (You acquired it on level 7 of the Dungeon)

   It reduces the magical energy of the wielder, and disrupts the spells and
   magical abilities of those hit.
   Natural abilities and divine invocations are not affected.
   It affects your dexterity (+4).
   It makes you more stealthy.
 c - a +2 demon trident of draining
Missiles
 d - 12 throwing nets
 V - 3 tomahawks of dispersal (quivered)
Armour
 k - +0 ice dragon scales
 m - a +0 pair of gloves (worn)
 x - a +0 pair of boots (worn)
 A - the +2 helmet of Xigi (worn) {rCorr SInv}
   (You found it on level 7 of the Dungeon)

   It lets you see invisible.
   It protects you from acid and corrosion.
 H - a +1 cloak (worn)
 M - a +4 troll leather armour (worn)
Jewellery
 q - the ring of the Devil (left hand) {+Fly rPois rF+}
   (You took it off a merfolk aquamancer on level 4 of the Shoals)

   [ring of protection from fire]

   It protects you from fire.
   It protects you from poison.
   It lets you fly.
 G - an amulet of faith (around neck)
 Y - the ring of Hard Scrabble (right hand) {rElec rPois rN+ Stlth+}
   (You bought it in a shop on level 2 of the Orcish Mines)

   [ring of positive energy]

   It insulates you from electricity.
   It protects you from poison.
   It protects you from negative energy.
   It makes you more stealthy.
Wands
 e - a wand of confusion (26/48)
 f - a wand of lightning (5/15)
 s - a wand of scattershot (3/9)
 v - a wand of digging (12/24)
 y - a wand of disintegration (6/24)
 F - a wand of polymorph (10/24)
 Q - a wand of paralysis (7/24)
 T - a wand of iceblast (7/15)
 Z - a wand of acid (3/15)
Scrolls
 g - 2 scrolls of fog
 i - 10 scrolls of teleportation
 j - 8 scrolls of identify
 n - 9 scrolls of remove curse
 p - 2 scrolls of holy word
 t - 3 scrolls of fear
 E - 7 scrolls of recharging
 R - 5 scrolls of blinking
 U - 5 scrolls of magic mapping
Potions
 h - a potion of ambrosia
 l - 11 potions of curing
 z - 3 potions of cancellation
 D - 2 potions of resistance
 I - 3 potions of agility
 P - 6 potions of haste
 X - 2 potions of berserk rage
Miscellaneous
 b - a fan of gales
 u - a lightning rod (3/4)
Comestibles
 o - 28 chunks of flesh
 J - 27 royal jellies


   Skills:
 - Level 19.0 Fighting
 O Level 27 Polearms
 - Level 2.0 Throwing
 - Level 11.0 Armour
 + Level 16.4 Dodging
 - Level 7.0 Invocations
 - Level 4.0 Evocations


You had 13 spell levels left.
You knew the following spells:

 Your Spells              Type           Power        Failure   Level  Hunger
a - Swiftness             Chrm/Air       #.......     56%         2    ###....
b - Regeneration          Chrm/Necr      #.........   80%         3    ####...


Dungeon Overview and Level Annotations

Branches:
Dungeon (15/15)            Temple (1/1) D:4            Lair (6/6) D:9
 Shoals (4/4) Lair:4       Spider (4/4) Lair:4        Slime (0/5) Lair:5
    Orc (2/2) D:10            Elf (0/3) Orc:2        Vaults (0/5) D:13
 Depths (1/5) D:15

Altars:
Ashenzari
Cheibriados
Dithmenos
Elyvilon
Fedhas
Gozag
Hepliaklqana
Kikubaaqudgha
Makhleb
Nemelex Xobeh
Okawaru
Qazlal
Ru
Sif Muna
Trog
Uskayaw
Vehumet
Xom
Yredelemnul
Zin
The Shining One
Beogh
Jiyva

Shops:
Orc:2 *(=[   Shoals:1 !=

Portals:
Trove: Depths:1 (give +5 fire dragon scales)


Innate Abilities, Weirdness & Mutations

You revert to your normal form in water.
You are very nimble and swift while swimming.
You are very stealthy in the water. (Stealth+)
Your life essence is reduced. (-10% HP)
You are partially covered in iridescent scales. (AC +2)
You have a somewhat thin skeletal structure. (Dex +2, Stealth)
You are partially covered in yellow scales. (AC +2)
You are agile. (Dex +2)
Scrolls take you a little longer to read.
Your mind is acute. (Int +2)
Your body sometimes deteriorates upon taking damage.
You occasionally shout uncontrollably at your foes.
You are occasionally teleported next to monsters.
You expend magic power (3 MP) to strengthen your wands.


Message History

The deep troll claws you but does no damage.
The deep troll claws you!
* * * LOW HITPOINT WARNING * * *
The deep troll bites you.
* * * LOW HITPOINT WARNING * * *
The deep troll claws you but does no damage.
The deep troll claws you!
* * * LOW HITPOINT WARNING * * *
The deep troll shaman bites you.
* * * LOW HITPOINT WARNING * * *
The deep troll shaman claws you but does no damage.
The deep troll shaman claws you!
* * * LOW HITPOINT WARNING * * *
The deep troll bites you!
* * * LOW HITPOINT WARNING * * *
The deep troll claws you but does no damage.
The deep troll claws you!
* * * LOW HITPOINT WARNING * * *
The deep troll earth mage bites you!!
You die...

......#
........# #
........## .#
.........# #
..∩......## ..
..........#####.
..
.......TTT......
.
.......T@.....#
..............#
..............#
..............+
..............#
..............#
.......(......#
'
.........(....#
.
####+#.....?.##


You could see 2 deep trolls, a deep troll earth mage and a deep troll shaman.

Vanquished Creatures
  Saint Roka (Orc:2)
  Jorgrun (Depths:1)
  Gastronok (D:8)
  A kraken (Shoals:4)
  Ilsuiw (Shoals:4)
  2 fire giants
  3 ghost moths
  7 emperor scorpions
  A reaper (IceCv)
  A vampire knight (Depths:1)
  A dire elephant (Lair:6)
  A spark wasp (Spider:4)
  10 merfolk javelineers
  A fire dragon (Depths:1)
  Erolcha (Orc:2)
  9 merfolk impalers
  Josephine (D:14)
  Fannar (Orc:1)
  3 vault guards (D:13)
  3 hydras
  An ice dragon (Depths:1)
  9 centaur warriors
  Erica (Lair:2)
  15 two-headed ogres
  The ghost of mmk665 the Slicer, a novice MiBe of Trog (D:12)
  A catoblepas (Lair:6)
  A merfolk avatar (Shoals:1)
  5 merfolk aquamancers
  9 death yaks
  3 ogre magi
  2 alligator snapping turtles (Shoals:4)
  An orc high priest (Orc:2)
  Urug (Orc:2)
  Nergalle (D:10)
  2 skeletal warriors
  9 sea snakes
  4 unseen horrors
  2 wizards (Depths:1)
  A deep troll (Depths:1)
  Pikel (D:7)
  16 harpies
  2 orc knights (Orc:2)
  3 lindwurms (Lair:6)
  A necromancer (Depths:1)
  16 wolf spiders
  11 orb spiders
  4 orc sorcerers (Orc:2)
  3 fauns (Shoals:3)
  A stone giant zombie (Depths:1)
  12 manticores
  2 deep elf magi
  20 ugly things
  8 elephants
  7 cyclopes
  2 moths of wrath
  10 water nymphs
  8 merfolk sirens
  4 black mambas
  4 spiny frogs (Lair:6)
  2 ice statues (IceCv)
  A gargoyle (D:13)
  A torpor snail (Spider:3)
  3 efreet
  7 demonic crawlers
  10 ice devils (IceCv)
  3 rime drakes (Lair:6)
  3 komodo dragons
  6 trolls
  8 polar bears (Lair:6)
  15 jumping spiders
  3 meliai (D:13)
  A tengu conjurer (Depths:1)
  A wind drake (shapeshifter) (D:15)
  33 merfolk
  4 wind drakes
  10 hornets
  A raiju (Lair:6)
  11 snapping turtles
  A wolf spider simulacrum (D:15)
  9 dream sheep
  A harpy skeleton (D:15)
  10 blink frogs
  2 meliai zombies
  8 slime creatures
  16 hippogriffs
  A vampire (D:9)
  5 wraiths
  53 redbacks
  3 wyverns
  15 tarantellas
  Eustachio (D:4)
  A human (D:9)
  16 water elementals
  33 yaks
  6 hogs
  2 hungry ghosts
  8 basilisks
  An acid dragon (D:12)
  5 wargs
  3 soldier ants
  14 hell hounds (Lair:6)
  10 water moccasins
  28 orc warriors
  3 porcupines
  12 black bears
  6 sky beasts
  4 phantoms
  4 slaves (D:7)
  4 ice beasts
  2 necrophages
  16 ogres
  9 centaurs
  39 wolves
  11 crocodiles
  14 bullfrogs
  8 scorpions
  21 wights
  51 killer bees
  4 electric eels
  4 crimson imps
  3 howler monkeys
  2 bullfrog zombies
  5 hounds
  5 jellies
  11 orc priests
  A quasit (D:9)
  2 bullfrog skeletons
  20 orc wizards
  7 centaur skeletons
  4 iguanas
  11 worker ants
  A killer bee zombie (D:8)
  A hound zombie (D:8)
  A hound skeleton (D:7)
  A worker ant zombie (D:8)
  8 gnolls
  17 adders
  A howler monkey skeleton (D:5)
  4 shadow imps
  6 white imps (IceCv)
  3 ufetubi (IceCv)
  An ooze (D:4)
  2 adder skeletons
  An adder zombie (D:8)
  3 worms
  3 dart slugs
  5 leopard geckos
  58 orcs
  8 bats
  4 giant cockroaches
  9 goblins
  8 hobgoblins
  17 jackals
  6 quokkas
  4 ball pythons
  6 frilled lizards
  11 kobolds
  5 rats
  A butterfly (Lair:5)
  A fungus (Lair:5)
  3 plants
  3 tentacles (Shoals:4)
1114 creatures vanquished.

Vanquished Creatures (collateral kills)
  Nikola (Spider:4)
  Kirke (Spider:3)
  A great orb of eyes (Depths:1)
  A vault guard (D:13)
  An ice dragon (D:15)
  A merfolk avatar (Shoals:4)
  2 two-headed ogres (Depths:1)
  An alligator (Lair:6)
  2 centaur warriors
  A tengu warrior (Depths:1)
  2 death yaks (Lair:6)
  A spark wasp zombie (Depths:1)
  A deep troll (Depths:1)
  2 harpies
  A golden dragon skeleton (Depths:1)
  An orc knight (Orc:1)
  5 orb spiders
  3 manticores
  A wolf spider (Spider:4)
  A frost giant skeleton (Depths:1)
  3 ugly things
  3 merfolk sirens
  Maurice (D:10)
  A water nymph (Shoals:4)
  2 spiny frogs (Lair:5)
  3 centaur skeletons
  2 komodo dragons
  A polar bear (Lair:6)
  5 merfolk
  2 wind drakes
  A jumping spider (Spider:4)
  2 slime creatures (Depths:1)
  A dream sheep (Lair:6)
  A hippogriff (D:10)
  A snapping turtle (Shoals:3)
  A raiju (Lair:6)
  A water elemental (Shoals:3)
  3 tarantellas
  6 yaks
  5 redbacks
  2 hogs
  A warg (Lair:6)
  A hell hound (Lair:6)
  A necrophage (D:8)
  2 black bears (Lair:6)
  4 ogres
  2 orc warriors (Orc:2)
  3 wolves
  3 centaurs
  A crocodile (Lair:5)
  2 big kobolds
  8 killer bees
  2 wights
  A crimson imp (D:9)
  5 orc priests
  A jelly (D:10)
  6 orc wizards
  A mummy (D:8)
  2 gnolls (D:6)
  A shadow imp (D:14)
  A white imp (IceCv)
  3 ufetubi (IceCv)
  An adder zombie (D:5)
  15 orcs
  2 jackals (D:6)
  3 kobolds
  4 plants
  A tentacle (Shoals:4)
154 creatures vanquished.

Vanquished Creatures (others)
  A fire dragon (Depths:1)
  A satyr (Shoals:4)
  A tengu conjurer (Depths:1)
  3 water elementals (Depths:1)
  A human (Spider:4)
  A centaur (Depths:1)
  22 knights
  4 ancestors
  6 white imps (IceCv)
  A fungus (Lair:6)
  27 plants
  10 tentacles (Shoals:4)
78 creatures vanquished.

Grand Total: 1346 creatures vanquished

Notes
Turn   | Place    | Note
-------+----------+-------------------------------------------
     0 | D:1      | Rrauwl the Merfolk Gladiator began the quest for the Orb.
     0 | D:1      | Reached XP level 1. HP: 16/16 MP: 1/1
    46 | D:1      | Reached skill level 5 in Polearms
    70 | D:1      | Reached XP level 2. HP: 22/22 MP: 2/2
   407 | D:1      | Reached XP level 3. HP: 27/27 MP: 3/3
   422 | D:1      | Reached skill level 6 in Polearms
  1064 | D:2      | Reached XP level 4. HP: 28/33 MP: 4/4
  1099 | D:2      | Reached skill level 7 in Polearms
  1277 | D:2      | Reached skill level 1 in Armour
  1792 | D:2      | Reached XP level 5. HP: 25/38 MP: 5/5
  2553 | D:3      | Reached skill level 5 in Dodging
  2624 | D:4      | Reached skill level 8 in Polearms
  2624 | D:4      | Reached XP level 6. HP: 34/44 MP: 6/6
  2925 | D:4      | Noticed Eustachio
  2938 | D:4      | Killed Eustachio
  2967 | D:4      | Reached XP level 7. HP: 46/50 MP: 7/7
  2995 | D:4      | Reached skill level 9 in Polearms
  3056 | D:4      | Found a staircase to the Ecumenical Temple.
  3416 | D:5      | Entered Level 5 of the Dungeon
  3587 | D:5      | Reached skill level 10 in Polearms
  3738 | D:5      | Reached XP level 8. HP: 60/60 MP: 8/8
  3779 | Temple   | Entered the Ecumenical Temple
  3961 | Temple   | Became a worshipper of Hepliaklqana the Forgotten
  4289 | D:5      | Reached skill level 11 in Polearms
  4387 | D:6      | Reached skill level 5 in Fighting
  4754 | D:6      | Found a shadowy altar of Dithmenos.
  4777 | D:6      | Reached * piety under Hepliaklqana
  5313 | D:7      | Reached skill level 12 in Polearms
  5314 | D:7      | Noticed Pikel
  5374 | D:7      | Killed Pikel
  5374 | D:7      | Reached XP level 9. HP: 46/61 MP: 9/9
  5399 | D:7      | Identified a scroll of acquirement
  5400 | D:7      | Got a pitted bardiche
  5401 | D:7      | Identified the +11 bardiche "Dragon's Tongue" {antimagic, Dex+4 Stlth+} (You acquired it on level 7 of the Dungeon)
  5441 | D:7      | Reached skill level 13 in Polearms
  5702 | D:7      | Reached skill level 14 in Polearms
  5862 | D:7      | Got a bone trident
  5863 | D:7      | Identified the +8 trident of Looqe {venom, Str+7} (You found it on level 7 of the Dungeon)
  5871 | D:7      | Got a distressingly furry helmet
  5882 | D:7      | Identified the +2 helmet of Xigi {rCorr SInv} (You found it on level 7 of the Dungeon)
  6005 | D:7      | Learned a level 2 spell: Swiftness
  6313 | D:7      | Reached ** piety under Hepliaklqana
  6314 | D:7      | Remembered your ancestor Rick as a knight
  6572 | D:8      | Reached skill level 15 in Polearms
  6578 | D:8      | Reached XP level 10. HP: 66/66 MP: 10/10
  6908 | D:8      | Noticed Gastronok
  6953 | D:8      | Killed Gastronok
  6953 | D:8      | Reached skill level 16 in Polearms
  7307 | D:8      | Gained mutation: You have a pair of small horns on your head. [mutagenic meat]
  7308 | D:8      | Gained mutation: Armour fits poorly on your strangely shaped body. [mutagenic meat]
  7683 | D:9      | Noticed a skeletal warrior
  7694 | D:9      | Noticed a centaur warrior
  7695 | D:9      | Reached skill level 17 in Polearms
  7699 | D:9      | Reached XP level 11. HP: 64/77 MP: 11/11
  8045 | D:9      | Noticed a two-headed ogre
  8051 | D:9      | Killed a two-headed ogre
  8081 | D:9      | Lost mutation: Armour fits poorly on your strangely shaped body. [potion of mutation]
  8081 | D:9      | Lost mutation: You have a pair of small horns on your head. [potion of mutation]
  8081 | D:9      | Gained mutation: You are partially covered in yellow scales. (AC +2) [potion of mutation]
  8081 | D:9      | Gained mutation: You are agile. (Dex +2) [potion of mutation]
  8081 | D:9      | Gained mutation: Your spells are a little harder to cast, but a little more powerful. [potion of mutation]
  8093 | D:9      | Killed a skeletal warrior
  8093 | D:9      | Reached skill level 18 in Polearms
  8391 | D:9      | Reached *** piety under Hepliaklqana
  8441 | D:9      | Found a staircase to the Lair.
  8680 | D:9      | Reached skill level 19 in Polearms
  8938 | D:9      | Noticed a two-headed ogre
  8951 | D:9      | Killed a two-headed ogre
  8956 | D:9      | Killed a centaur warrior
  9542 | D:10     | Entered Level 10 of the Dungeon
  9556 | D:10     | Found a staircase to the Orcish Mines.
  9577 | D:10     | Noticed Nergalle
  9588 | D:10     | Killed Nergalle
  9588 | D:10     | Reached skill level 20 in Polearms
  9588 | D:10     | Reached XP level 12. HP: 82/82 MP: 4/12
  9783 | D:10     | Noticed Maurice
  9790 | D:10     | Killed Maurice
 10316 | D:11     | Reached **** piety under Hepliaklqana
 10566 | D:11     | Reached skill level 21 in Polearms
 10880 | Lair:1   | Entered Level 1 of the Lair of Beasts
 11068 | Lair:1   | Reached skill level 10 in Fighting
 12013 | Lair:2   | Noticed Erica
 12022 | Lair:2   | Killed Erica
 12037 | Lair:2   | Found a shattered altar of Ashenzari.
 12085 | Lair:2   | Reached XP level 13. HP: 94/94 MP: 4/13
 12126 | Lair:2   | Reached skill level 22 in Polearms
 12194 | Lair:2   | Reached ***** piety under Hepliaklqana
 13254 | Lair:3   | Found a white marble altar of Elyvilon.
 13341 | Lair:3   | Reached skill level 1 in Evocations
 13870 | Lair:4   | Reached skill level 1 in Invocations
 13871 | Lair:4   | Found a hole to the Spider Nest.
 14221 | Lair:4   | Found a staircase to the Shoals.
 14346 | Lair:5   | Reached ****** piety under Hepliaklqana
 14576 | Lair:5   | Found a viscous altar of Jiyva.
 14577 | Lair:5   | Found a staircase to the Slime Pits.
 14810 | Lair:5   | Reached skill level 10 in Dodging
 15235 | Lair:6   | Entered Level 6 of the Lair of Beasts
 15285 | Lair:6   | Reached XP level 14. HP: 103/103 MP: 5/17
 15288 | Lair:6   | Reached skill level 23 in Polearms
 15299 | Lair:6   | Reached skill level 5 in Invocations
 15358 | Lair:6   | Found a frozen archway.
 15367 | IceCv    | Entered an ice cave
 16037 | IceCv    | Noticed a reaper
 16059 | IceCv    | Killed a reaper
 17067 | Lair:6   | Noticed a dire elephant
 17073 | Lair:6   | Reached skill level 24 in Polearms
 17085 | Lair:6   | Killed a dire elephant
 17551 | Lair:6   | Reached XP level 15. HP: 87/108 MP: 6/18
 17769 | Lair:6   | Got a fine silver amulet
 17770 | Lair:6   | Identified the amulet "Qetuliu" {RegenMP rElec} (You found it on level 6 of the Lair of Beasts)
 18224 | D:12     | Noticed mmk665's ghost (novice MiBe)
 18249 | D:12     | Killed mmk665's ghost
 18547 | D:12     | Reached skill level 25 in Polearms
 18911 | D:12     | Found a bloodstained altar of Trog.
 18945 | D:13     | Got a scintillating ivory ring
 18946 | D:13     | Identified the ring "Mucw" {Ice *Contam rElec rPois Str+4 Stlth+} (You found it on level 13 of the Dungeon)
 19029 | D:13     | Found a gate to the Vaults.
 19044 | D:13     | Reached skill level 15 in Dodging
 19921 | D:14     | Lost mutation: You are agile. (Dex +2) [mutagenic meat]
 19922 | D:14     | Gained mutation: Your spells are harder to cast, but more powerful. [mutagenic meat]
 19924 | D:14     | Gained mutation: Your flesh is cold resistant. (rC+) [mutagenic meat]
 19925 | D:14     | Lost mutation: Your spells are harder to cast, but more powerful. [mutagenic meat]
 19926 | D:14     | Gained mutation: You have a pair of small horns on your head. [mutagenic meat]
 19927 | D:14     | Lost mutation: Your spells are a little harder to cast, but a little more powerful. [mutagenic meat]
 19928 | D:14     | Gained mutation: Your mind is acute. (Int +2) [mutagenic meat]
 19950 | D:14     | Got a blackened glaive
 19951 | D:14     | Identified the +12 glaive of Experimentation {holy, Fragile +Fly rC+ Int+7} (You found it on level 14 of the Dungeon)
 20283 | D:14     | Noticed Josephine
 20292 | D:14     | Killed Josephine
 20366 | D:15     | Entered Level 15 of the Dungeon
 20402 | D:15     | Found a staircase to the Depths.
 20402 | D:15     | Noticed a fire giant
 20564 | D:15     | Reached XP level 16. HP: 95/114 MP: 6/20
 20577 | D:15     | Gained mutation: Armour fits poorly on your strangely shaped body. [mutagenic meat]
 20606 | D:15     | Reached skill level 26 in Polearms
 21338 | D:15     | Gained mutation: Your body sometimes deteriorates upon taking damage. [mutagenic meat]
 21339 | D:15     | Gained mutation: You are occasionally teleported next to monsters. [mutagenic meat]
 21340 | D:15     | Gained mutation: Scrolls take you a little longer to read. [mutagenic meat]
 21470 | D:15     | Gained mutation: Your flesh is heat resistant. (rF+) [mutagenic meat]
 21527 | D:15     | Gained mutation: You are frail. (-10% HP) [mutagenic meat]
 21835 | Lair:1   | Lost mutation: You are frail. (-10% HP) [potion of mutation]
 21835 | Lair:1   | Lost mutation: Your mind is acute. (Int +2) [potion of mutation]
 21835 | Lair:1   | Lost mutation: Your flesh is heat resistant. (rF+) [potion of mutation]
 21835 | Lair:1   | Lost mutation: Your flesh is cold resistant. (rC+) [potion of mutation]
 21835 | Lair:1   | Gained mutation: Your magical capacity is low. (-10% MP) [potion of mutation]
 21835 | Lair:1   | Gained mutation: Your body often deteriorates upon taking damage. [potion of mutation]
 21835 | Lair:1   | Lost mutation: You have a pair of small horns on your head. [potion of mutation]
 21835 | Lair:1   | Gained mutation: Your mind is acute. (Int +2) [potion of mutation]
 21836 | Lair:1   | Lost mutation: Armour fits poorly on your strangely shaped body. [potion of mutation]
 21836 | Lair:1   | Lost mutation: Your magical capacity is low. (-10% MP) [potion of mutation]
 21836 | Lair:1   | Lost mutation: Your body often deteriorates upon taking damage. [potion of mutation]
 21836 | Lair:1   | Gained mutation: You have a somewhat thin skeletal structure. (Dex +2, Stealth) [potion of mutation]
 21836 | Lair:1   | Gained mutation: Your muscles are strong. (Str +2) [potion of mutation]
 21897 | Orc:1    | Entered Level 1 of the Orcish Mines
 22222 | Orc:1    | Noticed Fannar
 22235 | Orc:1    | Killed Fannar
 22235 | Orc:1    | Reached skill level 27 in Polearms
 22346 | Orc:2    | Entered Level 2 of the Orcish Mines
 22384 | Orc:2    | Noticed Erolcha
 22389 | Orc:2    | Found a staircase to the Elven Halls.
 22396 | Orc:2    | Killed Erolcha
 22449 | Orc:2    | Noticed Urug
 22486 | Orc:2    | Killed Urug
 22674 | Orc:2    | Noticed Saint Roka
 22675 | Orc:2    | Found a roughly hewn altar of Beogh.
 22870 | Orc:2    | Killed Saint Roka
 22988 | Orc:2    | Found Honau's General Store.
 23006 | Orc:2    | Bought a scroll of enchant armour for 97 gold pieces
 23075 | Orc:2    | Found Omijuh's Jewellery Shoppe.
 23094 | Orc:2    | Bought the ring of Hard Scrabble {rElec rPois rN+ Stlth+} for 656 gold pieces
 23292 | Orc:2    | Found Icoitz's Antique Weapon Shoppe.
 23324 | Orc:2    | Found Otallor's Antique Armour Shoppe.
 23638 | Lair:1   | Gained mutation: Armour fits poorly on your strangely shaped body. [mutagenic glow]
 23716 | Spider:1 | Entered Level 1 of the Spider Nest
 24329 | Spider:2 | Reached XP level 17. HP: 95/126 MP: 2/22
 24353 | Spider:2 | Lost mutation: Armour fits poorly on your strangely shaped body. [mutagenic meat]
 24354 | Spider:2 | Gained mutation: You are robust. (+10% HP) [mutagenic meat]
 24355 | Spider:2 | Gained mutation: You expend magic power (3 MP) to strengthen your wands. [mutagenic meat]
 24357 | Spider:2 | Lost mutation: Your muscles are strong. (Str +2) [mutagenic meat]
 24761 | Spider:3 | Reached skill level 15 in Fighting
 25154 | Spider:4 | Entered Level 4 of the Spider Nest
 25160 | Spider:4 | Noticed Nikola
 25161 | Spider:4 | Noticed Kirke
 25337 | Spider:3 | Killed Kirke
 25442 | Spider:4 | Killed Nikola
 25903 | Spider:4 | Gained mutation: You are partially covered in iridescent scales. (AC +2) [mutagenic meat]
 26219 | Spider:4 | HP: 11/222 [poisoned by an emperor scorpion]
 26804 | Spider:4 | Got a gossamer rune of Zot
 27081 | Shoals:1 | Entered Level 1 of the Shoals
 27383 | Shoals:1 | Reached XP level 18. HP: 157/157 MP: 7/23
 27432 | Shoals:1 | Found Deyrej's Jewellery Boutique.
 27439 | Shoals:1 | Found Hymitwor's Distillery.
 27447 | Shoals:1 | Bought a potion of haste for 170 gold pieces
 27447 | Shoals:1 | Bought 2 potions of berserk rage for 170 gold pieces
 27660 | Shoals:1 | Got a dazzling great sword
 27661 | Shoals:1 | Identified the +6 great sword of Uteedomo {speed, rElec rF+ Str+7} (You found it on level 1 of the Shoals)
 28183 | Shoals:2 | Learned a level 3 spell: Regeneration
 28694 | Shoals:3 | Reached skill level 5 in Armour
 29419 | Shoals:4 | Entered Level 4 of the Shoals
 29508 | Shoals:4 | Noticed Ilsuiw
 29556 | Shoals:4 | Killed Ilsuiw
 30278 | Shoals:4 | Got a fine lead ring
 30281 | Shoals:4 | Identified the ring of the Devil {+Fly rPois rF+} (You took it off a merfolk aquamancer on level 4 of the Shoals)
 30487 | Shoals:4 | Reached XP level 19. HP: 160/166 MP: 5/24
 30589 | Shoals:4 | Got a barnacled rune of Zot
 31082 | Depths:1 | Entered Level 1 of the Depths
 31108 | Depths:1 | Gained mutation: You are agile. (Dex +2) [mutagenic meat]
 31109 | Depths:1 | Lost mutation: You are robust. (+10% HP) [mutagenic meat]
 31110 | Depths:1 | Gained mutation: You occasionally shout uncontrollably at your foes. [mutagenic meat]
 31297 | Depths:1 | Reached skill level 10 in Armour
 31523 | Depths:1 | Paralysed by a great orb of eyes for 5 turns
 31528 | Depths:1 | Found a portal to a secret trove of treasure.
 31529 | Depths:1 | Noticed Jorgrun
 31537 | Depths:1 | Killed Jorgrun
 31546 | Depths:1 | HP: 10/223 [deep troll (5)]
 31546 | Depths:1 | Slain by a deep troll earth mage

Skill      XL: |  1  2  3  4  5  6  7  8  9 10 11 12 13 14 15 16 17 18 19 |
---------------+----------------------------------------------------------+-----
Polearms       | 5 6 7 8 10 12 15 17 20 21 22 24 25 27 | 27.0
Armour         | 1 3 4 8 11 | 11.0
Dodging        | 5 6 7 9 10 13 16 | 16.4
Fighting       | 4 5 8 10 12 14 18 19 | 19.0
Evocations     | 4 |  4.0
Invocations    | 4 5 6 7 |  7.0
Throwing       | |  2.0

Action                   |  1- 3 |  4- 6 |  7- 9 | 10-12 | 13-15 | 16-18 | 19-21 || total
-------------------------+-------+-------+-------+-------+-------+-------+-------++-------
Melee: Trident           |   119 |   111 |    19 |    90 |       |       |       ||   339
       Halberd           |       |    38 |   186 |       |    14 |       |       ||   238
       Bardiche          |       |       |    51 |   313 |   962 |  1249 |   169 ||  2744
       Spear             |       |       |     3 |       |       |       |       ||     3
       Headbutt          |       |       |       |     8 |    15 |    26 |       ||    49
       Tailslap          |       |       |       |       |     3 |    30 |     2 ||    35
Throw: Throwing net      |       |     1 |       |       |       |     1 |       ||     2
Invok: Ancestor Identity |       |       |     1 |       |       |       |       ||     1
       Ancestor Life: Kn |       |       |     1 |       |       |       |       ||     1
       Recall Ancestor   |       |       |       |       |     2 |    11 |     2 ||    15
       Idealise          |       |       |       |       |     1 |     1 |       ||     2
Evoke: Wand              |       |       |       |       |     3 |     3 |       ||     6
       Lightning rod     |       |       |       |       |       |     1 |       ||     1
  Use: Scroll            |       |     5 |     7 |    10 |    17 |    12 |       ||    51
       Potion            |       |     2 |     3 |    10 |     7 |    15 |     1 ||    38
 Stab: Sleeping          |     3 |       |     2 |     5 |    25 |    26 |     2 ||    63
       Invisible         |       |     1 |       |       |       |       |       ||     1
       Distracted        |       |       |       |     9 |     9 |    12 |     4 ||    34
       Petrified         |       |       |       |       |     1 |       |       ||     1
  Eat: Chunk             |     1 |     4 |    11 |    17 |    27 |    29 |     7 ||    96
       Fruit             |       |     2 |       |     1 |     1 |    14 |    10 ||    28
       Royal jelly       |       |       |       |     1 |       |       |       ||     1
       Meat ration       |       |       |       |       |     2 |     1 |       ||     3
       Bread ration      |       |       |       |       |     1 |       |       ||     1
Armor: Leather armour    |    19 |       |       |       |       |       |       ||    19
       Scale mail        |    18 |    43 |    51 |    61 |    82 |       |       ||   255
       Troll leather arm |       |       |       |       |    74 |   162 |    43 ||   279
       Skin              |       |       |       |       |       |     5 |       ||     5
Dodge: Dodged            |    75 |    78 |   100 |   138 |   602 |  1087 |   107 ||  2187
